Map: Glittering Ashes LE

Players

DisK

  • Race: Protoss Protoss
  • League: Master

Zoun - Winner!

  • Race: Protoss Protoss

Event: DreamHack SC2 Masters Last Chance 2022

VOD

Have the link to the VOD?

Description

Time

  • Played on: Dec. 19, 2021, 6:37 p.m.
  • Length: 17:21

All games in this series

Show
View Real Time Build Order
Export as new Build Order

DisK Protoss 

Build Orders: Phoenix Opening 

Get SALT Encoding   

  12  0:00  Probe  
  13  0:12  Probe  
  14  0:17  Pylon  
  14  0:24  Probe  
  15  0:35  Gateway  
  15  0:36  Probe (Chrono Boost)  
  16  0:45  Probe (Chrono Boost)  
  16  0:46  Assimilator  
  17  0:50  Probe (Chrono Boost)  
  17  0:54  Assimilator  
  18  1:03  Probe (Chrono Boost)  
  19  1:08  Gateway  
  19  1:15  Probe (Chrono Boost)  
  20  1:21  Probe (Chrono Boost)  
  20  1:24  Cybernetics Core  
  21  1:29  Probe  
  22  1:37  Pylon  
  22  1:41  Probe  
  23  1:55  Probe  
  24  2:01  Stalker  
  24  2:02  Stalker  
  24  2:03  Warp Gate (Chrono Boost)  
  28  2:09  Probe  
  29  2:18  Pylon  
  29  2:22  Probe  
  30  2:27  Pylon  
  32  2:37  Sentry x2  
  34  2:49  Probe  
  35  2:58  Nexus  
  35  3:04  Shield Battery  
  35  3:11  Phoenix  
  34  3:15  Robotics Facility  
  34  3:19  Sentry  
  37  3:23  Pylon  
  36  3:28  Probe  
  37  3:40  Probe (Chrono Boost)  
  38  3:44  Stalker  
  38  3:45  Phoenix  
  40  3:51  Forge  
  40  3:53  Probe (Chrono Boost)  
  41  3:58  Stalker  
  41  4:02  Probe (Chrono Boost)  
  44  4:04  Observer  
  44  4:08  Probe (Chrono Boost)  
  46  4:13  Probe (Chrono Boost)  
  47  4:20  Probe (Chrono Boost)  
  47  4:24  Protoss Ground Weapons Level 1  
  49  4:26  Probe (Chrono Boost)  
  49  4:27  Probe (Chrono Boost)  
  54  4:31  Immortal  
  54  4:33  Probe  
  54  4:36  Probe  
  56  4:42  Pylon  
  57  4:45  Probe  
  57  4:49  Probe  
  57  4:51  Stalker x2  
  62  4:58  Twilight Council  
  62  5:04  Pylon  
  62  5:05  Probe  
  62  5:06  Probe  
  64  5:08  Assimilator  
  64  5:22  Observer, Probe x2  
  64  5:23  Observer  
  64  5:26  Gateway  
  67  5:29  Gateway  
  67  5:32  Observer  
  67  5:33  Pylon  
  67  5:34  Probe  
  68  5:36  Stalker x2  
  68  5:40  Probe  
  73  5:43  Blink (Chrono Boost)  
  73  5:45  Observer  
  73  5:56  Pylon  
  73  6:03  Nexus  
  73  6:04  Stalker  
  73  6:09  Stalker  
  77  6:17  Immortal (Chrono Boost)  
  77  6:23  Shield Battery  
  81  6:32  Probe  
  82  6:33  Stalker x3  
  88  6:40  Observer  
  88  6:42  Pylon  
  88  6:43  Protoss Ground Weapons Level 2 (Chrono Boost)  
  88  6:45  Probe  
  88  6:47  Probe  
  87  6:55  Gateway x2  
  87  6:57  Probe  
  87  6:59  Probe  
  89  7:03  Warp Prism  
  89  7:08  Pylon  
  91  7:19  Stalker x2  
  91  7:20  Stalker  
  91  7:22  Probe  
  98  7:23  Probe  
  98  7:25  Probe  
  98  7:29  Stalker  
  102  7:32  Assimilator  
  102  7:37  Probe x2  
  104  7:38  Probe, Pylon  
  105  7:47  Stalker  
  105  7:48  Stalker  
  109  7:54  Stalker x2  
  113  8:00  Stalker x2  
  117  8:16  Stalker x2  
  117  8:19  Stalker x2  
  125  8:24  Stalker x2  
  129  8:28  Pylon  
  128  8:40  Gateway  
  128  8:43  Gateway  
  128  8:48  Stalker x6  
  140  8:54  Observer  
  116  9:04  Charge (Chrono Boost)  
  116  9:07  Warp Prism  
  118  9:11  Stalker x3  
  107  9:33  Stalker x3  
  113  9:41  Zealot x3  
  113  9:44  Zealot x2  
  123  9:46  Nexus  
  123  9:52  Pylon  
  123  10:04  Probe x2  
  123  10:07  Zealot x7  
  130  10:09  Zealot  
  117  10:37  Zealot x8  
  117  10:38  Probe x3  
  117  10:42  Templar Archives  
  132  11:06  Zealot x8  
  148  11:13  Robotics Bay, Probe x3  
  148  11:14  Probe  
  134  11:28  Probe  
  134  11:29  Assimilator  
  134  11:31  Zealot x2, Assimilator  
  134  11:32  Zealot x6  
  145  11:40  Pylon  
  145  11:47  High Templar  
  145  11:48  High Templar x3  
  145  11:50  Shield Battery  
  145  11:52  Archon x2, High Templar  
  145  11:53  High Templar x3  
  161  11:56  Archon, Shield Battery  
  161  11:57  Archon  
  161  11:58  Shield Battery  
  161  12:01  Shield Battery  
  161  12:04  Pylon  
  159  12:18  Disruptor (Chrono Boost)  
  159  12:19  Zealot x4  
  166  12:26  Shield Battery  
  166  12:27  Zealot x4  
  166  12:28  Shield Battery  
  172  12:46  Disruptor (Chrono Boost)  
  172  12:48  Zealot x3  
  172  12:49  Zealot x3  
  172  12:50  Zealot x2  
  120  13:06  Probe x2  
  120  13:09  Assimilator  
  120  13:11  Robotics Facility  
  120  13:12  Stalker x6, Gateway, Observer  
  130  13:13  Zealot  
  130  13:14  Gateway, Zealot  
  130  13:16  Probe  
  139  13:22  Assimilator  
  139  13:24  Assimilator  
  139  13:25  Disruptor (Chrono Boost)  
  139  13:28  Assimilator  
  142  13:37  Probe x2  
  142  13:40  Photon Cannon  
  144  13:42  Stalker x3  
  144  13:43  Pylon  
  144  13:47  Disruptor  
  153  13:56  Protoss Ground Weapons Level 3 (Chrono Boost)  
  153  13:57  Disruptor  
  153  14:01  Zealot  
  153  14:02  Zealot x4  
  165  14:15  Photon Cannon  
  165  14:17  Photon Cannon  
  165  14:20  Disruptor  
  165  14:23  Photon Cannon  
  168  14:29  Zealot  
  170  14:35  Disruptor  
  171  14:41  Stalker x3  
  171  14:42  Stalker  
  173  14:53  Stalker x3  
  173  14:56  Disruptor  
  178  15:14  Zealot  
  136  15:38  Zealot x9  
  129  15:51  Stalker  
  129  15:55  Shield Battery  
  127  15:57  Shield Battery  
  127  16:01  Shield Battery  
  127  16:04  Pylon  
Show
View Real Time Build Order
Export as new Build Order

Zoun Protoss - Winner!

Build Orders: Archon Immortal, Blink Stalkers 

Get SALT Encoding   

  12  0:00  Probe  
  13  0:12  Probe  
  14  0:16  Pylon  
  14  0:24  Probe (Chrono Boost)  
  15  0:36  Probe (Chrono Boost)  
  15  0:37  Gateway  
  16  0:43  Probe (Chrono Boost)  
  16  0:46  Assimilator  
  17  0:51  Probe  
  18  1:00  Assimilator  
  18  1:03  Probe (Chrono Boost)  
  19  1:07  Gateway  
  19  1:13  Probe (Chrono Boost)  
  19  1:18  Probe (Chrono Boost)  
  20  1:25  Cybernetics Core  
  21  1:29  Probe  
  22  1:35  Pylon  
  22  1:41  Probe  
  23  1:53  Probe  
  24  2:01  Stalker, Sentry  
  28  2:04  Warp Gate (Chrono Boost)  
  28  2:05  Probe  
  28  2:08  Pylon  
  29  2:20  Pylon  
  29  2:31  Stalker x2  
  33  2:56  Nexus  
  33  3:08  Stalker  
  35  3:14  Sentry  
  37  3:21  Twilight Council  
  37  3:22  Shield Battery  
  37  3:33  Probe, Pylon  
  38  3:45  Probe  
  39  3:53  Adept x2  
  39  3:54  Blink (Chrono Boost)  
  43  3:57  Probe  
  44  4:08  Probe (Chrono Boost)  
  46  4:15  Probe (Chrono Boost), Sentry  
  48  4:17  Stalker  
  48  4:19  Probe (Chrono Boost)  
  48  4:23  Probe (Chrono Boost)  
  52  4:30  Probe  
  53  4:31  Pylon  
  53  4:36  Probe  
  54  4:41  Stalker  
  54  4:43  Probe  
  57  4:48  Probe  
  57  4:49  Pylon  
  57  4:51  Stalker  
  60  4:55  Probe  
  61  5:00  Robotics Facility  
  61  5:02  Probe  
  61  5:05  Assimilator  
  62  5:07  Probe  
  62  5:08  Stalker  
  65  5:14  Probe  
  65  5:20  Probe  
  67  5:21  Forge  
  67  5:35  Nexus  
  67  5:36  Pylon  
  67  5:37  Probe  
  67  5:38  Probe  
  69  5:44  Stalker  
  69  5:46  Stalker  
  73  5:51  Observer, Probe x2  
  73  5:54  Protoss Ground Weapons Level 1 (Chrono Boost)  
  76  6:03  Gateway  
  76  6:04  Gateway  
  76  6:05  Probe  
  76  6:06  Probe  
  78  6:17  Probe  
  79  6:18  Probe  
  79  6:22  Immortal (Chrono Boost)  
  84  6:30  Probe x2  
  86  6:38  Pylon  
  86  6:42  Charge (Chrono Boost)  
  86  6:44  Probe x2  
  82  6:55  Gateway  
  82  6:57  Gateway  
  82  6:59  Immortal (Chrono Boost)  
  86  7:02  Probe x3  
  86  7:04  Shield Battery  
  86  7:06  Gateway  
  86  7:08  Gateway  
  89  7:09  Templar Archives  
  89  7:14  Probe x2  
  89  7:15  Probe  
  92  7:23  Pylon  
  92  7:27  Zealot x4  
  92  7:28  Probe  
  92  7:29  Probe x2  
  103  7:33  Assimilator  
  103  7:37  Pylon  
  103  7:38  Assimilator  
  103  7:40  Probe  
  103  7:41  Probe  
  105  7:49  Gateway  
  105  7:50  Gateway, Protoss Ground Weapons Level 2 (Chrono Boost)  
  105  7:51  Probe  
  106  7:53  Probe  
  106  7:55  High Templar  
  106  7:56  Zealot x2, High Templar  
  106  7:57  Zealot  
  117  8:01  Observer, Archon  
  117  8:04  Pylon  
  117  8:05  Immortal (Chrono Boost)  
  121  8:17  Zealot x2  
  125  8:20  Pylon  
  125  8:23  Pylon  
  125  8:25  Zealot x2, Pylon, High Templar x2  
  133  8:29  Archon  
  133  8:42  Stalker  
  133  8:43  Stalker  
  135  8:49  Stalker  
  135  8:50  Zealot x3  
  135  8:58  Zealot x2  
  135  9:01  Immortal (Chrono Boost)  
  117  9:09  Stalker x2  
  125  9:13  Stalker x3  
  131  9:19  Stalker x2  
  127  9:25  Immortal (Chrono Boost)  
  121  9:32  Stalker x3  
  123  9:48  Stalker x2  
  123  9:51  Sentry  
  123  9:52  Stalker, Nexus  
  131  9:55  Pylon  
  131  9:58  Stalker  
  131  9:59  Warp Prism (Chrono Boost)  
  133  10:00  Stalker  
  137  10:10  Zealot x2  
  137  10:13  Shield Battery  
  141  10:14  Photon Cannon  
  141  10:18  Shield Battery  
  141  10:20  Stalker x2  
  131  10:29  Zealot x4  
  131  10:32  Zealot  
  132  10:43  High Templar x2  
  132  10:47  Archon  
  132  10:49  High Templar x2  
  140  10:50  Zealot x3  
  140  10:53  Pylon x2  
  140  10:54  Archon  
  144  11:00  Zealot  
  142  11:12  Zealot x3  
  146  11:23  Probe  
  146  11:25  Observer, Zealot x2  
  143  11:26  Zealot x3  
  143  11:32  Assimilator, Pylon  
  153  11:34  Zealot x2  
  157  11:41  Pylon x2  
  157  11:51  Stalker x4  
  165  12:00  High Templar x2  
  169  12:02  Nexus  
  169  12:03  High Templar x2  
  169  12:04  Archon  
  169  12:07  Archon  
  173  12:14  Pylon  
  173  12:21  Probe  
  173  12:22  Probe  
  175  12:23  Zealot x3  
  177  12:40  Zealot x5  
  157  12:56  Stalker x2  
  101  13:03  Zealot x3, High Templar x4  
  101  13:04  Zealot  
  99  13:05  Shield Battery  
  99  13:06  Immortal (Chrono Boost)  
  99  13:07  Archon  
  99  13:08  Photon Cannon, Archon  
  99  13:10  Photon Cannon  
  99  13:12  Gateway  
  103  13:13  Gateway  
  103  13:24  Zealot, High Templar x2  
  109  13:28  Assimilator, Archon  
  109  13:29  Stalker  
  109  13:30  Stalker, Assimilator  
  109  13:32  Shield Battery  
  113  13:35  Stalker x3  
  113  13:40  Zealot  
  121  13:47  Zealot x2  
  125  13:52  Zealot x2  
  125  13:53  Observer (Chrono Boost)  
  129  14:05  Robotics Bay  
  129  14:07  Robotics Facility  
  129  14:10  Zealot x6, Pylon  
  129  14:13  Observer (Chrono Boost)  
  129  14:15  Stalker  
  144  14:27  Photon Cannon  
  144  14:29  Photon Cannon  
  142  14:40  Stalker x2  
  142  14:41  Stalker x2  
  142  14:43  Probe  
  151  14:52  Disruptor (Chrono Boost)  
  151  14:53  Disruptor (Chrono Boost)  
  155  15:02  Stalker x4  
  131  15:51  Zealot x7  
  133  16:06  Nexus  
  133  16:10  Pylon  
  126  16:26  Observer  
  124  16:36  Photon Cannon  
  124  16:37  Photon Cannon, Pylon  
  124  16:38  Photon Cannon x2  
  124  16:39  Photon Cannon  

Tags
 
Add a new tag
Caveats
  • Supply blocks, unpowered buildings, or Contaminate may cause inaccurate times.
  • Supply counts are checked every 10 seconds.